NCAA
VILLANOVA WILDCATS @ RUTGERS SCARLET KNIGHTS
05/22/2026
 
TOP OF THE 1ST
Villanova Wildcats batting - Pitching for Rutgers Scarlet Knights : RHP Ryan Miller
Pitching: RHP Ryan Miller
Batting: RHB Jason Smith 0-0: Called Strike
0-1: Ground out 5-3 (Groundball, 5)
Batting: RHB Robbie Anderson 0-0: Swinging Strike
0-1: Ball
1-1: Ground out 4-3 (Groundball, 4)
Batting: RHB Mark Hess 0-0: Called Strike
0-1: Called Strike
0-2: Ball
1-2: Strikes out swinging
Top of the 1st over - 0 run(s), 0 hit(s), 0 error(s), 0 left on base; Villanova 0 - Rutgers 0
BOTTOM OF THE 1ST
Rutgers Scarlet Knights batting - Pitching for Villanova Wildcats : RHP Kade Brown
Pitching: RHP Kade Brown
Batting: RHB Ed Keesee 0-0: Ball
1-0: Fly out, F7 (Flyball, 78M)
Batting: LHB Todd Sexton 0-0: Ball
1-0: Ball
2-0: Ball
3-0: Base on Balls
Batting: SHB Woody Stanley 0-0: Ball
1-0: Called Strike
1-1: Ball
2-1: Ball
3-1: Hit by Pitch
Todd Sexton to second
Batting: RHB Manuel Reyes 0-0: Ball
1-0: Called Strike
1-1: Swinging Strike
1-2: Foul Ball, location: 2F
1-2: Ball
2-2: Fly out, F8 (Popup, 6MD)
Batting: SHB Júlio Ayala 0-0: Called Strike
0-1: Swinging Strike
0-2: Strikes out swinging
Bottom of the 1st over - 0 run(s), 0 hit(s), 0 error(s), 2 left on base; Villanova 0 - Rutgers 0
TOP OF THE 2ND
Villanova Wildcats batting - Pitching for Rutgers Scarlet Knights : RHP Ryan Miller
Batting: RHB Ron Elazar 0-0: Ball
1-0: Called Strike
1-1: Ball
2-1: Ground out 4-3 (Groundball, 4M)
Batting: RHB Jorge Barrios 0-0: Called Strike
0-1: Ball
1-1: Ground out 4-3 (Groundball, 4M)
Batting: RHB Dan McKay 0-0: Called Strike
0-1: Ground out 6-3 (Groundball, 56)
Top of the 2nd over - 0 run(s), 0 hit(s), 0 error(s), 0 left on base; Villanova 0 - Rutgers 0
BOTTOM OF THE 2ND
Rutgers Scarlet Knights batting - Pitching for Villanova Wildcats : RHP Kade Brown
Batting: RHB Joe Roberts 0-0: Called Strike
0-1: Ground out 6-3 (Groundball, 6)
Batting: RHB Martín Campos 0-0: Ball
1-0: Ball
2-0: SOLO HOME RUN (Flyball, 89XD), Distance : 369 ft
Batting: LHB Ismael Rodríguez 0-0: Ball
1-0: Ball
2-0: Called Strike
2-1: Ground out 4-3 (Groundball, 4)
Batting: RHB Bill Shaffer 0-0: Ball
1-0: Ball
2-0: Foul Ball, location: 2F
2-1: Called Strike
2-2: Strikes out swinging
Bottom of the 2nd over - 1 run(s), 1 hit(s), 0 error(s), 0 left on base; Villanova 0 - Rutgers 1
TOP OF THE 3RD
Villanova Wildcats batting - Pitching for Rutgers Scarlet Knights : RHP Ryan Miller
Batting: SHB Lorenzo Gómez 0-0: Ball
1-0: Called Strike
1-1: Called Strike
1-2: Ball
2-2: Ball
3-2: Strikes out looking
Batting: RHB Ricardo López 0-0: Ball
1-0: Swinging Strike
1-1: Ball
2-1: Ball
3-1: Base on Balls
Batting: RHB Juan Romero 0-0: Ball
1-0: Fly out, F9 (Flyball, 89M)
Batting: RHB Jason Smith 0-0: Fly out, F4 (Popup, 4D)
Top of the 3rd over - 0 run(s), 0 hit(s), 0 error(s), 1 left on base; Villanova 0 - Rutgers 1
BOTTOM OF THE 3RD
Rutgers Scarlet Knights batting - Pitching for Villanova Wildcats : RHP Kade Brown
Batting: RHB Ed Keesee 0-0: Ball
1-0: Fly out, F8 (Line Drive, 8LM)
Batting: LHB Todd Sexton 0-0: Swinging Strike
0-1: Swinging Strike
0-2: Ground out 1-3 (Groundball, 15S)
Batting: SHB Woody Stanley 0-0: Ball
1-0: Foul Ball, location: 2F
1-1: SINGLE (Flyball, 4D)
Batting: RHB Manuel Reyes 0-0: Foul Ball, location: 2F
0-1: Ball
1-1: Ball
2-1: Called Strike
2-2: Fielders Choice at 2nd, 6-4 (Groundball, 6)
Bottom of the 3rd over - 0 run(s), 1 hit(s), 0 error(s), 0 left on base; Villanova 0 - Rutgers 1
TOP OF THE 4TH
Villanova Wildcats batting - Pitching for Rutgers Scarlet Knights : RHP Ryan Miller
Batting: RHB Robbie Anderson 0-0: Ball
1-0: SINGLE (Line Drive, 6MD)
Batting: RHB Mark Hess 0-0: Called Strike
0-1: Ball
1-1: Ball
2-1: Foul Ball, location: 2F
2-2: Ball
3-2: Strikes out swinging
Batting: RHB Ron Elazar 0-0: Called Strike
0-1: Called Strike
0-2: Fly out, F9 (Popup, 3D)
Batting: RHB Jorge Barrios 0-0: Called Strike
0-1: Ground out 4-3 (Groundball, 4MS)
Top of the 4th over - 0 run(s), 1 hit(s), 0 error(s), 1 left on base; Villanova 0 - Rutgers 1
BOTTOM OF THE 4TH
Rutgers Scarlet Knights batting - Pitching for Villanova Wildcats : RHP Kade Brown
Batting: SHB Júlio Ayala 0-0: Called Strike
0-1: Swinging Strike
0-2: Ball
1-2: Strikes out looking
Batting: RHB Joe Roberts 0-0: Ball
1-0: Foul Ball, location: 2F
1-1: Foul Ball, location: 2F
1-2: Foul Ball, location: 2F
1-2: Ground out 6-3 (Groundball, 6)
Batting: RHB Martín Campos 0-0: Swinging Strike
0-1: Ball
1-1: Foul Ball, location: 2F
1-2: Ball
2-2: Foul Ball, location: 2F
2-2: Ball
3-2: Base on Balls
Batting: LHB Ismael Rodríguez 0-0: Swinging Strike
0-1: Fly out, F2 (Popup, 2RF)
Bottom of the 4th over - 0 run(s), 0 hit(s), 0 error(s), 1 left on base; Villanova 0 - Rutgers 1
TOP OF THE 5TH
Villanova Wildcats batting - Pitching for Rutgers Scarlet Knights : RHP Ryan Miller
Batting: RHB Dan McKay 0-0: Swinging Strike
0-1: Ball
1-1: Foul Ball, location: 2F
1-2: Strikes out swinging
Batting: SHB Lorenzo Gómez 0-0: Called Strike
0-1: Called Strike
0-2: Ball
1-2: Strikes out swinging
Batting: RHB Ricardo López 0-0: Ball
1-0: SINGLE (Line Drive, 6D)
Batting: RHB Juan Romero 0-0: Ball
1-0: Ball
2-0: Ball
3-0: Foul Ball, location: 2F
3-1: Foul Ball, location: 2F
3-2: SINGLE (Flyball, 9S)
Ricardo López to second
Ricardo López to third
Batting: RHB Jason Smith 0-0: Swinging Strike
0-1: Fly out, F8 (Flyball, 8LM)
Top of the 5th over - 0 run(s), 2 hit(s), 0 error(s), 2 left on base; Villanova 0 - Rutgers 1
BOTTOM OF THE 5TH
Rutgers Scarlet Knights batting - Pitching for Villanova Wildcats : RHP Kade Brown
Batting: RHB Bill Shaffer 0-0: Ball
1-0: Ground out 6-3 (Groundball, 6)
Batting: RHB Ed Keesee 0-0: Fly out, F7 (Flyball, 7M)
Batting: LHB Todd Sexton 0-0: Swinging Strike
0-1: Swinging Strike
0-2: Strikes out swinging
Bottom of the 5th over - 0 run(s), 0 hit(s), 0 error(s), 0 left on base; Villanova 0 - Rutgers 1
TOP OF THE 6TH
Villanova Wildcats batting - Pitching for Rutgers Scarlet Knights : RHP Ryan Miller
Batting: RHB Robbie Anderson 0-0: Called Strike
0-1: Ball
1-1: Called Strike
1-2: Foul Ball, location: 2F
1-2: Ball
2-2: Ball
3-2: Base on Balls
Batting: RHB Mark Hess 0-0: Foul Ball, location: 2F
0-1: Ball
1-1: Ground out 1-3 (Groundball, 34S)
Robbie Anderson to second
Batting: RHB Ron Elazar 0-0: Ball
1-0: Foul Ball, location: 2F
1-1: Ball
2-1: Ball
3-1: Foul Ball, location: 2F
3-2: Foul Ball, location: 2F
3-2: Foul Ball, location: 2F
3-2: Base on Balls
Pitching: RHP Salvador Ruíz
Batting: RHB Jorge Barrios 0-0: Swinging Strike
0-1: Swinging Strike
0-2: Strikes out looking
Batting: RHB Dan McKay 0-0: Ball
1-0: Foul Ball, location: 2F
1-1: Swinging Strike
1-2: Ball
2-2: Ball
3-2: Base on Balls
Robbie Anderson to third
Ron Elazar to second
Batting: SHB Lorenzo Gómez 0-0: Ball
1-0: Ball
2-0: Called Strike
2-1: Called Strike
2-2: Foul Ball, location: 2F
2-2: Foul Ball, location: 2F
2-2: Fielders Choice at 2nd, U4 (Groundball, 4M)
Top of the 6th over - 0 run(s), 0 hit(s), 0 error(s), 3 left on base; Villanova 0 - Rutgers 1
BOTTOM OF THE 6TH
Rutgers Scarlet Knights batting - Pitching for Villanova Wildcats : RHP Kade Brown
Batting: SHB Woody Stanley 0-0: Ball
1-0: Called Strike
1-1: SOLO HOME RUN (Line Drive, 7D), Distance : 349 ft
Batting: RHB Manuel Reyes 0-0: Called Strike
0-1: Ball
1-1: Ball
2-1: Ball
3-1: Base on Balls
Batting: SHB Júlio Ayala 0-0: Called Strike
0-1: Ball
Wild Pitch!
Manuel Reyes to second
1-1: Intentional Walk
Pitching: RHP Everett Cunningham
Batting: RHB Joe Roberts 0-0: Called Strike
0-1: Foul Ball, location: 2F
0-2: Foul Ball, location: 2F
0-2: Foul Ball, location: 2F
0-2: Grounds into double play, 5-4-3 (Groundball, 56)
Manuel Reyes to third
Batting: RHB Martín Campos 0-0: Ball
1-0: Ball
2-0: Ball
3-0: Called Strike
3-1: Base on Balls
Batting: LHB Ismael Rodríguez 0-0: Called Strike
0-1: Fly out, F8 (Flyball, 8RM)
Bottom of the 6th over - 1 run(s), 1 hit(s), 0 error(s), 2 left on base; Villanova 0 - Rutgers 2
TOP OF THE 7TH
Villanova Wildcats batting - Pitching for Rutgers Scarlet Knights : RHP Salvador Ruíz
Batting: RHB Ricardo López 0-0: Called Strike
0-1: Foul Ball, location: 2F
0-2: Ball
1-2: Ground out 5-3 (Groundball, 56S)
Batting: RHB Juan Romero 0-0: Ball
1-0: Called Strike
1-1: Called Strike
1-2: Ball
2-2: Foul Ball, location: 2F
2-2: Foul Ball, location: 2F
2-2: Fly out, F8 (Flyball, 89M)
Batting: RHB Jason Smith 0-0: SINGLE (Line Drive, 4D)
Batting: RHB Robbie Anderson 0-0: Ball
1-0: Called Strike
1-1: Foul Ball, location: 2F
1-2: Ball
2-2: Foul Ball, location: 2F
2-2: Ball
3-2: Strikes out swinging
Top of the 7th over - 0 run(s), 1 hit(s), 0 error(s), 1 left on base; Villanova 0 - Rutgers 2
BOTTOM OF THE 7TH
Rutgers Scarlet Knights batting - Pitching for Villanova Wildcats : RHP Everett Cunningham
Batting: RHB Bill Shaffer 0-0: Ball
1-0: Ball
2-0: Ball
3-0: Base on Balls
Batting: RHB Ed Keesee 0-0: Ball
1-0: Sac Bunt - play at first, batter OUT! 1-3
Bill Shaffer to second
Batting: LHB Todd Sexton 0-0: Foul Ball, location: 2F
0-1: Ball
Single, Error in OF, E7, batter to second base
Bill Shaffer scores
Batting: SHB Woody Stanley 0-0: Intentional Walk
Batting: RHB Manuel Reyes 0-0: Ball
1-0: Ball
2-0: Ball
3-0: Base on Balls
Todd Sexton to third
Woody Stanley to second
Batting: SHB Júlio Ayala 0-0: Called Strike
0-1: Ball
1-1: Foul Ball, location: 2F
1-2: Foul Ball, location: 2F
1-2: Strikes out looking
Batting: RHB Joe Roberts 0-0: Fly out, F6 (Popup, 6MD)
Bottom of the 7th over - 1 run(s), 1 hit(s), 1 error(s), 3 left on base; Villanova 0 - Rutgers 3
TOP OF THE 8TH
Villanova Wildcats batting - Pitching for Rutgers Scarlet Knights : RHP Salvador Ruíz
Batting: RHB Mark Hess 0-0: SINGLE (Groundball, 13) (infield hit)
Pitching: RHP Tommy Holmes
Batting: RHB Ron Elazar 0-0: Ball
1-0: Ball
2-0: Called Strike
2-1: Ball
3-1: Called Strike
3-2: Base on Balls
Mark Hess to second
Batting: RHB Jorge Barrios 0-0: Ball
1-0: Ball
2-0: SINGLE (Line Drive, 9LS)
Mark Hess to third
Ron Elazar to second
Runner from 3rd tries for Home, SAFE, throw made at trailing runner, SAFE at third!
Batting: RHB Dan McKay 0-0: Ball
1-0: Foul Ball, location: 2F
1-1: Ball
2-1: Ball
3-1: Called Strike
3-2: Base on Balls
Jorge Barrios to second
Batting: SHB Lorenzo Gómez 0-0: Ball
1-0: Ball
2-0: Ball
3-0: Base on Balls
Ron Elazar scores
Jorge Barrios to third
Dan McKay to second
Batting: RHB Ricardo López 0-0: Grounds into double play, 1-2-3 (Groundball, 15)
Dan McKay to third
Lorenzo Gómez to second
Batting: RHB Juan Romero 0-0: Foul Ball, location: 2F
0-1: Ball
1-1: Fly out, F9 (Flyball, 9M)
Top of the 8th over - 2 run(s), 2 hit(s), 0 error(s), 2 left on base; Villanova 2 - Rutgers 3
BOTTOM OF THE 8TH
Rutgers Scarlet Knights batting - Pitching for Villanova Wildcats : RHP Everett Cunningham
Pitching: RHP Kirk Stewart
Batting: RHB Martín Campos 0-0: SINGLE (Line Drive, 89S)
Batting: LHB Ismael Rodríguez 0-0: Swinging Strike
0-1: Ball
1-1: Ball
2-1: Bunted foul
2-2: Strikes out swinging
Batting: RHB Bill Shaffer 0-0: Foul Ball, location: 2F
0-1: Foul Ball, location: 2F
0-2: Ball
1-2: Ball
2-2: Strikes out swinging
Batting: RHB Ed Keesee 0-0: Called Strike
0-1: Called Strike
0-2: Ball
1-2: Foul Ball, location: 2F
1-2: Fly out, F9 (Flyball, 9M)
Bottom of the 8th over - 0 run(s), 1 hit(s), 0 error(s), 1 left on base; Villanova 2 - Rutgers 3
TOP OF THE 9TH
Villanova Wildcats batting - Pitching for Rutgers Scarlet Knights : RHP Tommy Holmes
Pitching: RHP Joel Cobb
Batting: RHB Jason Smith 0-0: Swinging Strike
0-1: Ball
1-1: Swinging Strike
1-2: Ball
2-2: Hit by Pitch
Batting: RHB Robbie Anderson 0-0: Sac Bunt - play at first, batter OUT! 3-4
Jason Smith to second
Batting: RHB Mark Hess 0-0: Foul Ball, location: 2F
0-1: Called Strike
0-2: Strikes out swinging
Batting: RHB Ron Elazar Single, Error in OF, E7, batter to second base
Jason Smith scores
Batting: RHB Jorge Barrios 0-0: Ball
1-0: Ball
2-0: Ball
3-0: Called Strike
3-1: SINGLE (Line Drive, 56)
Ron Elazar to third
Runner from 3rd tries for Home, SAFE, no throw or cutoff
Batting: RHB Dan McKay 0-0: Ball
1-0: Ball
2-0: Ball
3-0: Base on Balls
Jorge Barrios to second
Batting: SHB Lorenzo Gómez 0-0: Foul Ball, location: 2F
0-1: Swinging Strike
0-2: Strikes out swinging
Top of the 9th over - 2 run(s), 2 hit(s), 1 error(s), 2 left on base; Villanova 4 - Rutgers 3
BOTTOM OF THE 9TH
Rutgers Scarlet Knights batting - Pitching for Villanova Wildcats : RHP Kirk Stewart
Now at C: Tom Hooper
Batting: LHB Todd Sexton 0-0: Ball
1-0: Foul Ball, location: 2F
1-1: SINGLE (Line Drive, 34D)
Batting: SHB Woody Stanley 0-0: Ball
1-0: Called Strike
1-1: Swinging Strike
1-2: Ball
2-2: SINGLE (Line Drive, 89S)
Todd Sexton to second
Batting: RHB Manuel Reyes 0-0: Fly out, F6 (Line Drive, 6M)
Batting: SHB Júlio Ayala 0-0: Called Strike
0-1: Grounds into double play, 4-6-3 (Groundball, 4)
Bottom of the 9th over - 0 run(s), 2 hit(s), 0 error(s), 1 left on base; Villanova 4 - Rutgers 3
Monday, December 5th, 2016 - OOTP Baseball 17.12 Build 75